 Dungeon Crawl Stone Soup version 0.26.0-20-g3ca415f5b8 (webtiles) character file.

Game seed: 6977263930160778947

4182 Mattiprrivan the Archer (level 10, -3/77 HPs)
             Began as a Green Draconian Wanderer on Jan 24, 2021.
             Was a Priest of Nemelex Xobeh.
             Slain by a two-headed ogre
             ... wielding a +0 giant spiked club
              (17 damage)
             ... on level 8 of the Dungeon on Jan 25, 2021.
             The game lasted 01:53:53 (8958 turns).

Mattiprrivan the Archer (Green Draconian Wanderer)  Turns: 8958, Time: 01:53:54

Health: -3/77      AC: 10    Str: 15    XL:     10   Next: 8%
Magic:  6/13       EV: 12    Int: 14    God:    Nemelex Xobeh [***...]
Gold:   193        SH:  0    Dex: 10    Spells: 1/13 levels left

rFire    . . .     SeeInvis .   p - +3 whip (elec)
rCold    . . .     Faith    .   (no shield)
rNeg     . . .     Spirit   .   (armour unavailable)
rPois    +         Reflect  .   (helmet restricted)
rElec    .         Harm     .   e - +1 cloak
rCorr    .         Rampage  .   i - +0 pair of gloves
Will     +....                  (no boots)
Stlth    +++.......             (no amulet)
HPRegen  0.22/turn              l - ring of stealth
MPRegen  0.13/turn              y - ring of willpower

@: short of breath
A: breathe noxious fumes, unfitting armour, stinger 1, poison resistance, weak
1, cold-blooded, AC +7
a: Breathe Noxious Fumes, Renounce Religion, Draw Escape, Draw Destruction, Draw
Summoning, Triple Draw


You were on level 8 of the Dungeon.
You worshipped Nemelex Xobeh.
Nemelex Xobeh was most pleased with you.
You visited 1 branch of the dungeon, and saw 8 of its levels.

You collected 427 gold pieces.
You spent 234 gold pieces at shops.

Inventory:

Hand Weapons
 a - a +3 shortbow
 o - a +0 mace of distortion
 p - a +3 whip of electrocution (weapon)
 q - a +5 spear
 u - a +0 dire flail
Missiles
 b - an arrow
 c - 7 curare-tipped darts
 k - 7 atropa-tipped darts
 m - 22 poisoned darts
 n - 6 boomerangs (quivered)
Armour
 e - a +1 cloak (worn)
 i - a +0 pair of gloves (worn)
Jewellery
 l - a ring of stealth (left hand)
 w - an uncursed ring of magical power
 y - a ring of willpower (right hand)
Scrolls
 d - a scroll of identify
 h - 3 scrolls of remove curse
 j - 4 scrolls of teleportation
 v - a scroll of blinking
 x - a scroll of fear
Potions
 f - a potion of resistance
 g - a potion of brilliance
 r - 2 potions of berserk rage
 s - 2 potions of heal wounds
 t - a potion of flight


   Skills:
 * Level 3.6 Fighting
 * Level 1.4(2.8) Axes
 * Level 3.1(3.6) Maces & Flails
 * Level 1.6(2.4) Polearms
 * Level 2.0(3.1) Staves
 * Level 8.2 Bows
 * Level 3.0 Throwing
 * Level 3.0 Dodging
 * Level 2.5 Stealth
 * Level 3.2 Shields
 * Level 2.5 Unarmed Combat
 * Level 2.4 Spellcasting
 * Level 2.8 Conjurations
 * Level 1.2 Hexes
 * Level 3.8 Necromancy
 * Level 1.3 Transmutations
 * Level 2.7 Fire Magic
 * Level 2.8 Air Magic
 * Level 3.0 Poison Magic
 * Level 3.0 Invocations


You had one spell level left.
You knew the following spells:

 Your Spells              Type           Power        Failure   Level
a - Foxfire               Conj/Fire      36%          7%          1
b - Mephitic Cloud        Conj/Pois/Air  9%           21%         3
c - Yara's Violent Unrav  Hex/Tmut       2%           98%         5
d - Gell's Gravitas       Tloc           0%           56%         3

Your spell library contained the following spells:

 Spells                   Type           Power        Failure   Level
 Sublimation of Blood     Necr           6%           7%          2
 Corpse Rot               Necr/Air       N/A          9%          2
 Confusing Touch          Hex            5%           38%         3
 Petrify                  Tmut/Erth      3%           86%         4
 Metabolic Englaciation   Hex/Ice        1%           99%         5


Dungeon Overview and Level Annotations

Branches:
Dungeon (8/15)             Temple (0/1) D:6
   Lair: D:8-11

Altars:
Cheibriados
Elyvilon
Fedhas
Nemelex Xobeh
Ru

Shops:
D:6 !   D:7 (

Annotations:
D:5 1 runed translucent door


Innate Abilities, Weirdness & Mutations

You can breathe blasts of noxious fumes.
Your lurid green scales are hard. (AC +7)
You cannot fit into any form of body armour.
Your system is resistant to poisons. (rPois)
You are cold-blooded and may be slowed by cold attacks.
Your tail ends in a poisonous barb.
You are weak. (Str -2)


Message History

The two-headed ogre is severely wounded.
The two-headed ogre shouts, "What's happening?!"
The two-headed ogre closely misses you.
The two-headed ogre hits you with a +0 giant club!
Hit: p) +3 whip (elec)
Press: ? - help, Dir - move target, f/p - two-headed ogre
Aim: a two-headed ogre, wielding a +0 giant spiked club and a +0 giant club (severely wounded, confused)
You completely miss the two-headed ogre.
The two-headed ogre is severely wounded.
Hit: p) +3 whip (elec)
Press: ? - help, Dir - move target, f/p - two-headed ogre
Aim: a two-headed ogre, wielding a +0 giant spiked club and a +0 giant club (severely wounded, confused)
You hit the two-headed ogre.
The two-headed ogre is almost dead.
The two-headed ogre seems less confused.
The two-headed ogre hits you with a +0 giant spiked club!!
* * * LOW HITPOINT WARNING * * *
The two-headed ogre hits you with a +0 giant club!
You die...
Your body glows slightly and disappears.

.. ................ .
#####.....†......
###........######..
...........# ...........#
...≈.....≈.######.# ######
..≈≈..............# #....#
...........##########.##.#
.......[........@O.....#.#
#####################..#.#
. # #..#.# .. #
######..#(#####.#. .
...........((((....
...#######.#####.#. #.# #
#.# ##### #.#


You could see a two-headed ogre.

Vanquished Creatures
  The ghost of Stixsmaster the Caller, an amateur MfSu of Sif Muna (D:5)
  4 yaks (D:7)
  Eustachio (D:4)
  Menkaure (D:4)
  3 sky beasts
  3 orc warriors (D:7)
  An ice beast (D:7)
  5 phantoms
  4 ogres
  2 bullfrogs
  The ghost of Zero the Sneak, an amateur SpEn (D:4)
  A gnoll sergeant (D:5)
  3 scorpions
  An electric eel (D:6)
  4 wights (D:8)
  7 orc priests (D:7)
  2 hounds
  3 jellies
  11 orc wizards
  3 bullfrog skeletons
  A centaur skeleton (D:4)
  10 worker ants
  3 hound zombies
  A hound skeleton (D:5)
  A howler monkey zombie (D:6)
  A worker ant zombie (D:7)
  8 adders
  4 gnolls (D:5)
  A river rat (D:5)
  2 shadow imps
  2 white imps
  2 ufetubi (D:7)
  4 oozes
  4 worms
  2 dart slugs
  7 leopard geckos
  34 orcs
  5 giant cockroaches
  6 hobgoblins
  16 jackals
  3 quokkas
  6 bats
  3 frilled lizards
  11 goblins
  A jackal skeleton (D:6)
  6 kobolds
  A leopard gecko skeleton (D:5)
  A quokka skeleton (D:6)
  A quokka zombie (D:5)
  9 rats
217 creatures vanquished.

Vanquished Creatures (collateral kills)
  An ogre (D:6)
  A worker ant (D:4)
2 creatures vanquished.

Vanquished Creatures (others)
  An electric eel (D:6)
  11 foxfires
12 creatures vanquished.

Grand Total: 231 creatures vanquished

Notes
Turn   | Place    | Note
-------+----------+-------------------------------------------
     0 | D:1      | Mattiprrivan the Draconian Wanderer began the quest for the
                  | Orb.
     0 | D:1      | Mattiprrivan set off with the following items: a +2
                  | shortbow, 19 arrows; and the following spell memorised:
                  | Foxfire; and the following spells available to memorise:
                  | Sublimation of Blood, Corpse Rot, Mephitic Cloud
     0 | D:1      | Reached XP level 1. HP: 14/14 MP: 1/1
   123 | D:1      | Reached XP level 2. HP: 20/20 MP: 2/2
   553 | D:1      | Reached XP level 3. HP: 26/26 MP: 4/4
  1126 | D:2      | Reached skill level 5 in Bows
  1184 | D:2      | Reached XP level 4. HP: 25/34 MP: 1/5
  1528 | D:2      | Reached skill level 1 in Fighting
  1558 | D:2      | Learned a level 3 spell: Mephitic Cloud
  1651 | D:2      | Found a sparkling altar of Nemelex Xobeh.
  1661 | D:2      | Became a worshipper of Nemelex Xobeh the Trickster
  1946 | D:3      | Found a snail-covered altar of Cheibriados.
  1982 | D:3      | Found a blossoming altar of Fedhas.
  2081 | D:3      | Gained mutation: You are weak. (Str -2) [potion of
                  | mutation]
  2081 | D:3      | Gained mutation: Your tail ends in a poisonous barb.
                  | [potion of mutation]
  2131 | D:3      | You fall into a shaft and drop 3 floors!
  2148 | D:6      | Noticed a phantom
  2172 | D:6      | Killed a phantom
  2173 | D:6      | Reached skill level 1 in Maces & Flails
  2173 | D:6      | Reached skill level 1 in Dodging
  2173 | D:6      | Reached skill level 1 in Spellcasting
  2173 | D:6      | Reached XP level 5. HP: 33/40 MP: 6/6
  2251 | D:6      | Noticed a phantom
  2274 | D:6      | Killed a phantom
  2275 | D:6      | Reached skill level 1 in Conjurations
  2275 | D:6      | Reached XP level 6. HP: 27/47 MP: 7/7
  2554 | D:6      | Reached skill level 1 in Stealth
  2577 | D:6      | Reached * piety under Nemelex Xobeh
  2608 | D:5      | Entered Level 5 of the Dungeon
  2618 | D:5      | Reached skill level 1 in Air Magic
  2910 | D:5      | Received a gift from Nemelex Xobeh
  3046 | D:4      | Reached skill level 6 in Bows
  3394 | D:4      | Your scales start taking on a lurid green colour.
  3394 | D:4      | Reached skill level 1 in Poison Magic
  3394 | D:4      | Reached XP level 7. HP: 55/55 MP: 9/9
  3394 | D:4      | Gained mutation: Your system is resistant to poisons.
                  | (rPois) [Green Draconian growth]
  3414 | D:4      | Found a white marble altar of Elyvilon.
  3650 | D:4      | Reached skill level 1 in Invocations
  3662 | D:4      | Noticed Menkaure
  3665 | D:4      | Killed Menkaure
  3733 | D:4      | Noticed Eustachio
  3769 | D:4      | Killed Eustachio
  3770 | D:4      | Reached skill level 1 in Unarmed Combat
  4294 | D:4      | Found a runed translucent door.
  4294 | D:4      | Noticed Zero's ghost (amateur SpEn)
  4313 | D:4      | Killed Zero's ghost
  4684 | D:5      | Reached XP level 8. HP: 62/62 MP: 10/10
  4785 | D:5      | Learned a level 3 spell: Mephitic Cloud
  5301 | D:5      | Found a runed translucent door.
  5301 | D:5      | Noticed Stixsmaster's ghost (amateur MfSu)
  5335 | D:5      | Killed Stixsmaster's ghost
  5336 | D:5      | Reached skill level 7 in Bows
  5342 | D:5      | Reached skill level 1 in Staves
  5504 | D:5      | Found a runed translucent door.
  5539 | D:5      | Reached ** piety under Nemelex Xobeh
  6099 | D:6      | Received a gift from Nemelex Xobeh
  6279 | D:6      | Found Yclagorph's Distillery.
  6300 | D:6      | Found a staircase to the Ecumenical Temple.
  6323 | D:6      | Bought a potion of berserk rage for 65 gold pieces
  6323 | D:6      | Bought 2 potions of heal wounds for 130 gold pieces
  6323 | D:6      | Bought a potion of flight for 39 gold pieces
  6432 | D:6      | Learned a level 5 spell: Yara's Violent Unravelling
  6573 | D:6      | Reached XP level 9. HP: 69/69 MP: 12/12
  6616 | D:6      | Found a sacrificial altar of Ru.
  7075 | D:7      | Reached skill level 1 in Axes
  7190 | D:7      | Reached skill level 1 in Polearms
  7354 | D:7      | Identified the cursed +1 scimitar of Hepliaklqana {freeze,
                  | +Inv rC+ Will-}
  7713 | D:7      | Found Empareim's Weapon Emporium.
  7742 | D:7      | Reached skill level 1 in Hexes
  7755 | D:7      | Reached skill level 1 in Transmutations
  7861 | D:7      | Reached skill level 8 in Bows
  7949 | D:7      | Found a sacrificial altar of Ru.
  8126 | D:7      | Reached XP level 10. HP: 64/77 MP: 12/13
  8811 | D:8      | Reached *** piety under Nemelex Xobeh
  8907 | D:8      | Noticed a two-headed ogre
  8912 | D:8      | Learned a level 3 spell: Gell's Gravitas
  8958 | D:8      | Slain by a two-headed ogre

Illustrated notes

Levels and vault maps discovered:
D:1:      dpeg_arrival_water_fire, layout_basic, serial_corexii_hall,
          corexii_hall_statues_i, chequers_hall_statues_corner_a
D:2:      layout_basic, nemelex_xobeh_ov_fountains_minmay, grunt_ministairs_13,
          minivault_25
D:3:      layout_basic, cheibriados_altar_1, fedhas_ov_isle_minmay,
          grunt_ministairs_3
D:4:      layout_basic, elyvilon_altar_1, gammafunk_ghost_grave, uniq_eustachio,
          uniq_menkaure
D:5:      layout_loops_corners, ebering_ghost_sewer_f,
          kennysheep_generic_room_14
D:6:      cheibrodos_helix_gallery, layout_basic, lemuel_round_altar,
          temple_fountains, serial_shops, nicolae_shop_waterfront,
          serial_co_window_serial, co_window_of_opportunity_a,
          co_window_of_opportunity_a, co_window_paths_a, co_window_paths_a,
          co_window_corner_a, co_window_paths_a, co_window_paths_c,
          co_window_of_opportunity_b, co_window_corner_ca, co_window_corner_ca,
          co_window_of_opportunity_c, co_window_unsneaky_path_c,
          co_window_corner_b, co_window_4corner_b, glass_columns_a,
          glass_columns_a, glass_columns_b, glass_columns_a
D:7:      layout_loops_ring, serial_shops, shop, nicolae_ru_awakened_eye
D:8:      layout_basic, grunt_gozag_breadcrumbs

Skill      XL: |  1  2  3  4  5  6  7  8  9 10 |
---------------+-------------------------------+-----
Bows           | 5 6 7 8 |  8.2
Fighting       | 1 2 3 |  3.6
Maces & Flails | 1 2 3 |  3.1
Dodging        | 1 2 3 |  3.0
Spellcasting   | 1 2 |  2.4
Conjurations   | 1 2 |  2.8
Stealth        | 1 2 |  2.5
Air Magic      | 1 2 |  2.8
Poison Magic   | 1 2 3 |  3.0
Invocations    | 1 2 3 |  3.0
Throwing       | 2 3 |  3.0
Unarmed Combat | 1 2 |  2.5
Shields        | 2 3 |  3.2
Fire Magic     | 2 |  2.7
Necromancy     | 3 |  3.8
Staves         | 1 2 |  2.0
Axes           | 1 |  1.4
Polearms       | 1 |  1.6
Hexes          | 1 |  1.2
Transmutations | 1 |  1.3

Action                   |  1- 3 |  4- 6 |  7- 9 | 10-12 || total
-------------------------+-------+-------+-------+-------++-------
Melee: Shortbow          |       |       |     1 |       ||     1
       Whip              |       |       |    28 |    26 ||    54
       Tailslap          |       |       |     1 |     4 ||     5
 Fire: Shortbow          |   105 |   150 |   366 |    29 ||   650
Throw: Boomerang         |       |       |    18 |    13 ||    31
 Cast: Foxfire           |     8 |       |       |       ||     8
       Mephitic Cloud    |       |     2 |    18 |     3 ||    23
Invok: Draw Destruction  |       |     4 |     4 |       ||     8
       Draw Summoning    |       |     1 |     3 |       ||     4
       Draw Escape       |       |       |     3 |       ||     3
 Abil: Breathe Noxious F |       |       |    33 |     4 ||    37
  Use: Potion            |     5 |     3 |     5 |     2 ||    15
       Scroll            |     3 |     3 |     8 |     3 ||    17
 Stab: Confused          |       |       |     1 |       ||     1
Armor: Skin              |    25 |     6 |    71 |     4 ||   106
Dodge: Dodged            |    46 |    29 |   116 |    17 ||   208
